[ AOE2 MATCH · #481667407 ]
1v1 RMMongols vs Franks
Player's team · WIN
Rival team · LOSS
[ REPLAY ANALYSIS · EXTRACTED FROM THE RECORDED GAME ]
Feudal
11:19
Castle
15:01
Imperial
—
| APM avg | 22.1 |
| APM peak | 41 |
| eAPM avg | 9.5 |
| Villagers / military | 38 / 12 |
Focus
⚔️ 18.0% · 🌾 82.0%
Steppe Lancer ×12
Feudal
12:04
Castle
21:23
Imperial
—
| APM avg | 32.1 |
| APM peak | 67 |
| eAPM avg | 9.2 |
| Villagers / military | 44 / 8 |
Focus
⚔️ 19.2% · 🌾 80.8%
Scout Cavalry ×6 · Knight ×2
Match map
Initial resources + every placement click. Lines = walls · curves = elevation contours. ◆ gold · ⬟ stone · ● berries · ✦ relic · ◌ wall gap
Your base· Open — unwalled flank
Munsoon's base· Open — 4t gap
Smoothed initial terrain · ◌ = detected wall gap · hover for details
Inputs per minute
— philiphilgers - - Munsoon
Build order — philiphilgers
101 actions detected in the replay
| 0:00 | Create | Villager (Male) |
| 0:01 | Create | Villager (Male) |
| 0:01 | Create | Villager (Male) |
| 0:02 | Build | House |
| 0:06 | Build | House |
| 0:40 | Create | Villager (Male) |
| 1:53 | Build | Lumber Camp |
| 1:54 | Create | Villager (Male) |
| 2:29 | Create | Villager (Male) |
| 2:30 | Create | Villager (Male) |
| 3:00 | Create | Villager (Male) |
| 3:50 | Build | Mill |
| 3:53 | Create | Villager (Male) |
| 3:55 | Create | Villager (Male) |
| 4:12 | Create | Villager (Male) |
| 4:15 | Build | House |
| 5:06 | Create | Villager (Male) |
| 5:31 | Create | Villager (Male) |
| 6:04 | Create | Villager (Male) |
| 6:04 | Create | Villager (Male) |
| 6:34 | Create | Villager (Male) |
| 6:50 | Build | House |
| 7:31 | Build | Mining Camp |
| 7:37 | Create | Villager (Male) |
| 7:43 | Create | Villager (Male) |
| 8:19 | Build | Farm |
| 8:40 | Create | Villager (Male) |
| 9:04 | Create | Villager (Male) |
| 9:09 | Research | Feudal Age |
| 9:16 | Build | Barracks |
| 9:24 | Research | Loom |
| 9:25 | Create | Villager (Male) |
| 9:34 | Build | House |
| 10:02 | Build | Farm |
| 10:04 | Build | Farm |
| 10:13 | Create | Villager (Male) |
| 11:19 | Age | Feudal Age |
| 11:24 | Build | Stable |
| 11:41 | Build | Blacksmith |
| 12:21 | Research | Castle Age |
| 12:39 | Build | Watch Tower |
| 12:47 | Build | Palisade Wall |
| 12:51 | Build | Palisade Wall |
| 12:55 | Create | Villager (Male) |
| 13:04 | Build | Farm |
| 13:31 | Build | House |
| 13:33 | Build | Palisade Wall |
| 13:40 | Build | Palisade Wall |
| 13:54 | Research | Double-Bit Axe |
| 13:58 | Research | Bloodlines |
| 14:02 | Research | Horse Collar |
| 14:11 | Build | Farm |
| 14:19 | Build | Farm |
| 14:51 | Build | Farm |
| 14:55 | Build | Farm |
| 15:01 | Age | Castle Age |
| 15:05 | Create | Steppe Lancer |
| 15:15 | Build | Farm |
| 15:26 | Create | Villager (Male) |
| 15:30 | Create | Steppe Lancer |
| 15:38 | Create | Villager (Male) |
| 15:44 | Build | House |
| 15:46 | Build | House |
| 15:55 | Create | Steppe Lancer |
| 16:04 | Build | Farm |
| 16:13 | Create | Villager (Male) |
| 16:16 | Create | Steppe Lancer |
| 16:21 | Research | Forging |
| 16:34 | Create | Villager (Male) |
| 16:49 | Create | Steppe Lancer |
| 16:54 | Build | Farm |
| 17:03 | Build | Farm |
| 17:06 | Create | Villager (Male) |
| 17:14 | Build | Farm |
| 17:17 | Create | Steppe Lancer |
| 17:25 | Build | Farm |
| 17:35 | Create | Steppe Lancer |
| 17:42 | Create | Villager (Male) |
| 18:03 | Build | Farm |
| 18:09 | Create | Steppe Lancer |
| 18:43 | Research | Scale Barding Armor |
| 19:14 | Create | Villager (Male) |
| 19:14 | Create | Villager (Male) |
| 19:14 | Create | Villager (Male) |
| 20:08 | Create | Villager (Male) |
| 20:08 | Create | Villager (Male) |
| 20:14 | Build | Farm |
| 20:30 | Build | Mining Camp |
| 20:33 | Create | Villager (Male) |
| 20:39 | Build | Palisade Wall |
| 20:42 | Create | Steppe Lancer |
| 20:42 | Create | Steppe Lancer |
| 20:42 | Create | Steppe Lancer |
| 21:02 | Research | Iron Casting |
| 21:08 | Create | Steppe Lancer |
| 21:37 | Create | Villager (Male) |
| 21:50 | Build | House |
| 21:54 | Build | House |
| 21:57 | Build | House |
| 22:42 | Create | Villager (Male) |
| 22:43 | Create | Villager (Male) |
Build order — Munsoon
91 actions detected in the replay
| 0:07 | Build | House |
| 0:10 | Build | House |
| 0:30 | Create | Villager (Male) |
| 0:30 | Create | Villager (Male) |
| 0:30 | Create | Villager (Male) |
| 0:31 | Create | Villager (Male) |
| 2:21 | Build | Lumber Camp |
| 2:25 | Create | Villager (Male) |
| 2:25 | Create | Villager (Male) |
| 2:26 | Create | Villager (Male) |
| 3:02 | Create | Villager (Male) |
| 3:23 | Create | Villager (Male) |
| 3:23 | Create | Villager (Male) |
| 4:52 | Create | Villager (Male) |
| 4:52 | Create | Villager (Male) |
| 5:37 | Build | House |
| 5:44 | Create | Villager (Male) |
| 5:44 | Create | Villager (Male) |
| 6:01 | Build | Mill |
| 6:40 | Create | Villager (Male) |
| 6:40 | Create | Villager (Male) |
| 6:40 | Create | Villager (Male) |
| 6:41 | Create | Villager (Male) |
| 6:41 | Create | Villager (Male) |
| 7:24 | Create | Villager (Male) |
| 7:24 | Create | Villager (Male) |
| 7:24 | Create | Villager (Male) |
| 7:35 | Build | House |
| 8:01 | Create | Villager (Male) |
| 8:01 | Create | Villager (Male) |
| 9:13 | Research | Loom |
| 9:49 | Build | Palisade Wall |
| 9:54 | Research | Feudal Age |
| 9:55 | Research | Feudal Age |
| 10:23 | Build | Mining Camp |
| 11:35 | Build | Barracks |
| 11:47 | Build | Farm |
| 12:04 | Age | Feudal Age |
| 12:13 | Build | Palisade Wall |
| 12:41 | Build | Palisade Wall |
| 12:44 | Create | Villager (Male) |
| 12:44 | Create | Villager (Male) |
| 12:44 | Create | Villager (Male) |
| 12:45 | Create | Villager (Male) |
| 12:51 | Research | Wheelbarrow |
| 13:08 | Build | Farm |
| 13:09 | Build | Farm |
| 13:10 | Build | Farm |
| 13:11 | Build | Farm |
| 13:45 | Build | Farm |
| 14:10 | Create | Villager (Male) |
| 14:11 | Create | Villager (Male) |
| 14:11 | Create | Villager (Male) |
| 14:11 | Create | Villager (Male) |
| 14:11 | Create | Villager (Male) |
| 14:12 | Create | Villager (Male) |
| 14:12 | Create | Villager (Male) |
| 14:12 | Create | Villager (Male) |
| 14:50 | Create | Villager (Male) |
| 14:50 | Create | Villager (Male) |
| 14:50 | Create | Villager (Male) |
| 14:50 | Create | Villager (Male) |
| 15:12 | Build | Farm |
| 15:44 | Research | Double-Bit Axe |
| 15:56 | Build | Stable |
| 16:08 | Build | House |
| 16:13 | Build | House |
| 16:32 | Build | House |
| 17:23 | Create | Villager (Male) |
| 17:23 | Create | Villager (Male) |
| 17:34 | Build | House |
| 17:57 | Build | Blacksmith |
| 18:07 | Build | Farm |
| 18:08 | Build | Farm |
| 18:09 | Build | Farm |
| 18:34 | Build | Farm |
| 18:43 | Research | Castle Age |
| 18:46 | Create | Scout Cavalry |
| 18:47 | Create | Scout Cavalry |
| 18:52 | Create | Scout Cavalry |
| 18:52 | Create | Scout Cavalry |
| 19:44 | Create | Scout Cavalry |
| 19:44 | Create | Scout Cavalry |
| 20:35 | Build | House |
| 21:15 | Build | Mining Camp |
| 21:21 | Create | Villager (Male) |
| 21:21 | Create | Villager (Male) |
| 21:23 | Age | Castle Age |
| 21:47 | Build | House |
| 22:07 | Create | Knight |
| 22:08 | Create | Knight |
Match timeline
| 9:16 | philiphilgers · first_building Barracks |
| 9:49 | Munsoon · wall_segment Palisade Wall x13 |
| 11:19 | philiphilgers · age_up feudal |
| 11:24 | philiphilgers · first_building Stable |
| 11:35 | Munsoon · first_building Barracks |
| 12:04 | Munsoon · age_up feudal |
| 12:13 | Munsoon · wall_segment Palisade Wall x1 |
| 12:41 | Munsoon · wall_segment Palisade Wall x10 |
| 12:47 | philiphilgers · wall_segment Palisade Wall x2 |
| 12:51 | philiphilgers · wall_segment Palisade Wall x3 |
| 13:33 | philiphilgers · wall_segment Palisade Wall x1 |
| 13:40 | philiphilgers · wall_segment Palisade Wall x1 |
| 15:01 | philiphilgers · age_up castle |
| 15:56 | Munsoon · first_building Stable |
| 20:39 | philiphilgers · wall_segment Palisade Wall x1 |
| 21:23 | Munsoon · age_up castle |
| 23:16 | Munsoon · resign |
[ AI ANALYSIS · 1 CREDIT ]
What really happened in this match?
Wolo.gg analyzes every decision: build order, eco, micro, common mistakes by bracket. Personalized analysis on WhatsApp or Discord in 30 seconds.
Civ guide
Mongols
Map guide
Arabia
Perfil
philiphilgers